 Dungeon Crawl Stone Soup version 0.31-a0-831-g143b1e81fc (webtiles) character file.

Game seed: 10479232560281789147

21 Dirtsage the Trooper (level 2, 0/24 HPs)
             Began as a Demonspawn Fighter on Sept 24, 2023.
             Succumbed to an adder's poison
             ... on level 2 of the Dungeon.
             The game lasted 00:00:53 (566 turns).

Dirtsage the Trooper (Demonspawn Fighter)            Turns: 566, Time: 00:00:53

Health: 0/24       AC: 10    Str: 16    XL:     2   Next: 65%
Magic:  2/2        EV:  8    Int:  9    God:
Gold:   20         SH:  4    Dex: 12    Spells: 1/1 levels left

rFire   . . .        a - +0 war axe
rCold   . . .        c - +0 buckler
rNeg    . . .        b - +0 scale mail
rPois   .            (no helmet)
rElec   .            (no cloak)
rCorr   .            k - +0 pair of gloves
SInv    .            i - +2 pair of boots
Will    .....        (no amulet) Stlth
                     (no ring)
HPRegen 0.24/turn    (no ring)
MPRegen 0.08/turn

%: no passive effects
@: lethally poisoned (0 -> -9), hasted, very quick
A: hooves 1
a: no special abilities


You were on level 2 of the Dungeon.
You visited 1 branch of the dungeon, and saw 2 of its levels.

You collected 20 gold pieces.

Inventory:

Hand Weapons
 a - a +0 war axe (weapon)
Missiles
 g - 3 curare-tipped darts
Armour
 b - a +0 scale mail (worn)
 c - a +0 buckler (worn)
 e - a +0 plate armour
 i - a +2 pair of boots (worn)
 k - a +0 pair of gloves (worn)
Scrolls
 f - a scroll of fear {unknown}
 j - a scroll of fog {unknown}
 l - a scroll of identify {unknown}
Potions
 d - a potion of might


   Skills:
 - Level 3.0 Fighting
 + Level 3.0 Axes
 - Level 2.6 Armour
 - Level 2.6 Shields


You had one spell level left.
You didn't know any spells.
Your spell library was empty.

Dungeon Overview and Level Annotations

Branches:
Dungeon (2/15)

Altars:


Innate Abilities, Weirdness & Mutations

You have large cloven feet.


Message History

The adder is severely wounded.
You feel very sick. The adder barely misses you.
The adder bites you but does no damage.
You take 3 damage, and have 18/24 hp.
You barely miss the adder.
The adder is severely wounded.
You feel sick. You block the adder's attack. The adder closely misses you.
You take 2 damage, and have 16/24 hp.
You are too injured to fight recklessly!
You are too injured to fight recklessly!
You are too injured to fight recklessly!
You are too injured to fight recklessly!
You are too injured to fight recklessly!
You closely miss the adder.
The adder is severely wounded.
You feel sick. The adder barely misses you.
The adder bites you but does no damage.
You take 2 damage, and have 14/24 hp.
You closely miss the adder.
The adder is severely wounded.
You feel sick. The adder bites you.
You are more poisoned.
The adder poisons you!
You take 3 damage, and have 11/24 hp.
You miss the adder.
The adder is severely wounded.
You feel very sick. The adder barely misses you. The adder bites you.
* * * LOW HITPOINT WARNING * * *
You take 6 damage, and have 5/24 hp.
MASSIVE DAMAGE!!
You closely miss the adder.
The adder is severely wounded.
* * * LOW HITPOINT WARNING * * *
You feel sick. The adder bites you.
* * * LOW HITPOINT WARNING * * *
You are more poisoned.
The adder poisons you! The adder bites you but does no damage.
You take 4 damage, and have 1/24 hp.
It was a potion of haste.
You feel yourself speed up.
You die...

...# ##.....##.# ###..#
##.......#.# ##.#..#
#..........###.....#
+..................
#.........# #....#
#.......# #<# #..S..#
####.### #.@.# #......#
##'## #..>...# #.#
#..###.# #.# #.. #.#
##.## #..###.# ##...##
#......# #.....#
#.#.##.# ##...##
#.....(#
#.######.##########.####


You could see an adder.

Vanquished Creatures
  2 endoplasms (D:1)
  2 giant cockroaches (D:1)
  A goblin (D:1)
  5 hobgoblins (D:1)
  A quokka (D:1)
  2 ball pythons (D:1)
  2 bats (D:1)
  3 rats (D:1)
18 creatures vanquished.

Notes
Turn   | Place    | Note
-------+----------+-------------------------------------------
     0 | D:1      | Dirtsage the Demonspawn Fighter began the quest for the
                  | Orb.
     0 | D:1      | Reached XP level 1. HP: 18/18 MP: 1/1
   109 | D:1      | Gained mutation: You have large cloven feet. [demonic
                  | ancestry]
   109 | D:1      | Reached XP level 2. HP: 24/24 MP: 2/2
   565 | D:2      | HP: 1/24 [adder (2)]
   566 | D:2      | Succumbed to an adder's poison

Illustrated notes

Levels and vault maps discovered:
D:1:      reono_arrival_mine, layout_rooms
D:2:      layout_loops_corners, chequers_ecumenical_altar_island, uniq_jessica

Skill      XL: |  1  2 |
---------------+-------+-----
Axes           | 2 3 |  3.0
Fighting       | |  3.0
Armour         | |  2.6
Shields        | |  2.6

Action                     || total
---------------------------++-------
  Melee: War axe           ||    60
         Kick              ||     3
    Use: Potion            ||     1
 Armour: Scale mail        ||    52
  Dodge: Dodged            ||    25
  Block: Buckler           ||    10

Table legend: (Time is in decaauts)
 A = Elapsed time spent in this place.
 B = Non-inter-level travel time spent in this place.
 C = Inter-level travel time spent in this place.
 D = Time resting spent in this place.
 E = Time spent auto-exploring this place.
 F = Levels seen in this place.
 G = Mean time per level.
                   A        B        C        D        E       F      G
               +--------+--------+--------+--------+--------+-----+--------+
         Total |    592 |    562 |     30 |      0 |    398 |   2 |  296.0 |
       Dungeon |    592 |    562 |     30 |      0 |    398 |   2 |  296.0 |
               +--------+--------+--------+--------+--------+-----+--------+

Top non-repeatable levels by time:
     D:1: 533 daAuts
     D:2: 58 daAuts
